 Dungeon Crawl Stone Soup version 0.31-a0-744-gbc345e7fcb (webtiles) character file.

Game seed: 13455743148322827899

81 ytrimaz the Insei (level 4, -2/11 HPs)
             Began as an Octopode Shapeshifter on Sept 13, 2023.
             Slain by an orc
             ... wielding a +0 trident
              (5 damage)
             ... on level 3 of the Dungeon.
             The game lasted 00:01:40 (1319 turns).

ytrimaz the Insei (Octopode Shapeshifter)           Turns: 1319, Time: 00:01:41

Health: -2/11      AC:  1    Str: 13    XL:     4   Next: 40%
Magic:  4/4        EV: 13    Int: 12    God:
Gold:   77         SH:  0    Dex: 13    Spells: 3/3 levels left

rFire   . .          .
                       - Unarmed
rCold   . . .        (no shield)
rNeg    . . .        (helmet restricted)
rPois   .            (no amulet)
rElec   .            (no ring)
rCorr   .            (no ring)
SInv    .            (no ring)
Will    .....        (no ring)
Stlth   ++           (no ring)
HPRegen 0.21/turn    (no ring)
MPRegen 0.09/turn    (no ring)
                     (no ring)

%: no passive effects
@: maw-form
A: devouring maw, reduced hp, almost no armour, amphibious, 8 rings, camouflage
1, gelatinous body 1, (nimble swimmer 1), tentacles
a: Begin Untransformation


You were on level 3 of the Dungeon.
You were a creature with a mouth for a stomach.
You visited 1 branch of the dungeon, and saw 3 of its levels.

You collected 77 gold pieces.


Innate Abilities, Weirdness & Mutations

You are a creature with a mouth for a stomach.
Your midsection houses a second, enormous mouth.
Your maximum health is decreased, since you lack skill for your form.
You cannot wear most types of armour.
You are amphibious.
You can wear up to eight rings at the same time.
Your skin changes colour to match your surroundings (Stealth+).
Your rubbery body absorbs attacks. (AC +1, EV +1)
((You are camouflaged when in or above water. (Stealth+)))
You have tentacles for arms and can constrict up to eight enemies at once.


   Skills:
 + Level 1.2 Fighting
 - Level 2.0 Dodging
 - Level 4.1 Unarmed Combat
 + Level 4.0 Shapeshifting


You had 3 spell levels left.
You didn't know any spells.
Your spell library was empty.

Inventory:

Jewellery
 g - a ring of fire
   (You found it on level 1 of the Dungeon)
Talismans
 b - a beast talisman
 c - a flux talisman
 n - a maw talisman (active)
   (You found it on level 2 of the Dungeon)
Scrolls
 d - a scroll of teleportation {unknown}
 i - 3 scrolls of identify {unknown}
 j - a scroll of noise {unknown}
 k - a scroll of revelation {unknown}
 l - a scroll of butterflies {unknown}
Potions
 a - a potion of lignification
 e - 2 potions of brilliance {unknown}
 f - a potion of might {unknown}
 h - a potion of mutation {unknown}
 m - a potion of resistance {unknown}

Dungeon Overview and Level Annotations

Branches:
Dungeon (3/15) Zot: 16686

Altars:

.....#.##..#..#
........#..#.##
.......o......
###......#
##.....)..#
#.....#o#.#
#..#..#.# ..
#.......#####
#..<....ooW.#
####..#####)#
...........#
...##########
.##


You could see 2 orcs.


Message History

Key pressed, stopping explore.
You open the door.
There is an open door here.
You see here a +0 club.
There is an open door here.
Key pressed, stopping explore.
There is a stone staircase leading down here.
A bat comes into view.
A bat is nearby!
A bat is nearby!
A bat is nearby!
A bat is nearby!
A bat is nearby!
A bat is nearby!
A bat is nearby!
Unknown command.
The helpless bat fails to defend itself.
You bludgeon the bat!
You kill the bat!
No target in view!
Unknown command.
No target in view!
You begin transforming.
You continue transforming. x3
Your transformation has ended.
You turn into a creature with a mouth for a stomach. 😎 HP[-18]
You now have 10 max hp (-18).
Your library has no spells.
There is a stone staircase leading down here.
You climb downwards.
You hear the sound of rushing water.
There is an entrance to a sewer on this level.
Hurry and find it before the portal rusts away!
There is a stone staircase leading up here.
A hobgoblin comes into view.
An orc comes into view. It is wielding a +0 club.
Found a stone staircase leading down.
The hobgoblin shouts!
You hear a shout!
The kobold hits you with a +0 dagger. 😮 HP[-4]
You take 4 damage, and now have 6/10 hp.
MASSIVE DAMAGE!! (PAUSE)
You tentacle-slap the kobold but do no damage.
Your grab misses the kobold. You bite the kobold.
You devour the kobold!
You feel better.
You kill the kobold! 😕 HP[+3]
You now have 11 max hp (+1).
You regained 3 hp, and now have 9/11 hp.
An orc comes into view. It is wielding a +0 club.
The orc moves out of view.
You see here a +0 dagger.
Unknown command. 😕 HP[+1]
You tentacle-slap the hobgoblin but do no damage.
You grab the hobgoblin. You squeeze the hobgoblin.
You kill the hobgoblin!
You barely miss the orc.
The orc shouts!
You grab the orc. You bite the orc.
You constrict the orc, but do no damage.
An orc comes into view. It is wielding a +0 trident.
Unknown command.
The orc shouts!
You tentacle-slap the orc. You squeeze the orc. You bite the orc.
You devour the orc!
You feel better.
You kill the orc!
You hear a shout!
An orc comes into view. It is wielding a +0 trident. 😎 HP[+1]
Your hp is fully restored (11).
An orc comes into view. It is wielding a +0 dagger.
The orc shouts!
The orc moves out of view.
You see here a +0 club.
An orc comes into view. It is wielding a +0 trident.
You tentacle-slap the orc. You grab the orc. You bite the orc.
You constrict the orc.
You kill the orc!
You bludgeon the orc!
You devour the orc!
You feel better.
You kill the orc!
Things that are here:
a +0 trident; a +0 club; an orc corpse You closely miss the orc.
You grab the orc. You squeeze the orc, but do no damage. You bite the orc.
You constrict the orc.
You kill the orc!
The orc hits you from afar with a +0 trident.
Your Shapeshifting skill increases to level 4! 😕 HP[-2]
You take 2 damage, and now have 9/11 hp.
The orc hits you with a +0 trident.
Ouch! That really hurt!
* * * LOW HITPOINT WARNING * * *
The orc completely misses you.
You see here a +0 dagger. 😨 HP[-6]
You take 6 damage, and now have 3/11 hp.
MASSIVE DAMAGE!! (PAUSE)
You tentacle-slap the orc. Your grab misses the orc. You bite the orc.
The orc hits you from afar with a +0 trident.
You die...

Skill      XL: |  1  2  3  4 |
---------------+-------------+-----
Unarmed Combat | 4 |  4.1
Shapeshifting  | 4 |  4.0
Fighting       | |  1.2
Dodging        | |  2.0

Action                     |  1- 3 |  4- 6 || total
---------------------------+-------+-------++-------
  Melee: Unarmed           |    58 |    21 ||    79
         Constrict         |    13 |     9 ||    22
         Tentacles         |     8 |     5 ||    13
         Punch             |     1 |       ||     1
         Maw               |       |     6 ||     6
    Use: Potion            |     1 |       ||     1
   Stab: Sleeping          |     4 |     3 ||     7
 Armour: Skin              |    34 |     8 ||    42
  Dodge: Dodged            |    32 |     6 ||    38
   Form: Maw               |       |     1 ||     1

Levels and vault maps discovered:
D:1:      sevenhm_arrival_forest_fort_large_1, layout_loops_ring
D:2:      layout_basic, chequers_serial_rivers_small_3
D:3:      layout_basic, nicolae_overflow_crystal_walls,
          cheibrodos_sewer_entry_drain, chequers_serial_rivers_small_a,
          kennysheep_generic_room_13

Notes
Turn   | Place    | Note
-------+----------+-------------------------------------------
     0 | D:1      | ytrimaz the Octopode Shapeshifter began the quest for the
                  | Orb.
     0 | D:1      | Reached XP level 1. HP: 13/13 MP: 1/1
     0 | D:1      | magus.rc [v1.9.6]
   350 | D:1      | Reached XP level 2. HP: 16/18 MP: 2/2
   751 | D:2      | Reached XP level 3. HP: 19/23 MP: 3/3
   973 | D:2      | Reached skill level 4 in Unarmed Combat
   976 | D:2      | Reached XP level 4. HP: 27/28 MP: 4/4
  1318 | D:3      | Reached skill level 4 in Shapeshifting
  1319 | D:3      | Slain by an orc

Vanquished Creatures
  3 adders (D:2)
  2 dart slugs
  5 orcs
  5 ball pythons (D:2)
  2 bats (D:2)
  4 endoplasms
  2 giant cockroaches
  4 hobgoblins
  4 jackals
  2 quokkas
  3 kobolds
  6 rats
42 creatures vanquished.

Table legend:
 A = Non-vault XP
 B = Vault XP
 C = Vault XP percentage of total XP
 D = Non-vault monster count
 E = Vault monster count
 F = Vault count percentage of total count
                 A         B        C        D         E       F
            +---------+---------+-------+---------+---------+-------
      Total |     114 |       2 |   1.7 |      40 |       2 |   4.8
            +---------+---------+-------+---------+---------+-------
        D:1 |      22 |       2 |   8.3 |      12 |       2 |  14.3
        D:2 |      77 |       0 |   0.0 |      22 |       0 |   0.0
        D:3 |      15 |       0 |   0.0 |       6 |       0 |   0.0
            +---------+---------+-------+---------+---------+-------

Skill      XL: |  1  2  3  4 |
---------------+-------------+-----
Unarmed Combat | 4 |  4.1
Shapeshifting  | 4 |  4.0
Fighting       | |  1.2
Dodging        | |  2.0

Action                     |  1- 3 |  4- 6 || total
---------------------------+-------+-------++-------
  Melee: Unarmed           |    58 |    21 ||    79
         Constrict         |    13 |     9 ||    22
         Tentacles         |     8 |     5 ||    13
         Punch             |     1 |       ||     1
         Maw               |       |     6 ||     6
    Use: Potion            |     1 |       ||     1
   Stab: Sleeping          |     4 |     3 ||     7
 Armour: Skin              |    34 |     8 ||    42
  Dodge: Dodged            |    32 |     6 ||    38
   Form: Maw               |       |     1 ||     1

Illustrated notes

Table legend:
 A = Kills in this place as a percentage of kills in the entire game.
 B = Kills by you in this place as a percentage of kills by you in the entire game.
 C = Kills by friends in this place as a percentage of kills by friends in the entire game.
 D = Other kills in this place as a percentage of other kills in the entire game.
 E = Experience gained in this place as a percentage of experience gained in the entire game.
 F = Experience gained in this place divided by the number of levels of this place that you have seen.
                   A       B       C       D       E      F
               +-------+-------+-------+-------+-------+----------------------
         Total | 100.0 | 100.0 |   N/A |   N/A | 100.0 |  38.7
       Dungeon | 100.0 | 100.0 |   N/A |   N/A | 100.0 |  38.7
               +-------+-------+-------+-------+-------+----------------------

Table legend: (Time is in decaauts)
 A = Elapsed time spent in this place.
 B = Non-inter-level travel time spent in this place.
 C = Inter-level travel time spent in this place.
 D = Time resting spent in this place.
 E = Time spent auto-exploring this place.
 F = Levels seen in this place.
 G = Mean time per level.
                   A        B        C        D        E       F      G
               +--------+--------+--------+--------+--------+-----+--------+
         Total |   1313 |   1284 |     29 |      0 |   1013 |   3 |  437.7 |
       Dungeon |   1313 |   1284 |     29 |      0 |   1013 |   3 |  437.7 |
               +--------+--------+--------+--------+--------+-----+--------+

Top non-repeatable levels by time:
     D:1: 742 daAuts
     D:2: 542 daAuts
     D:3: 28 daAuts
